[Event "Team 45 45 League T88"]
[Site "Internet Chess Club"]
[Date "2021.05.05"]
[Round "5"]
[White "gregorgg"]
[Black "howah45"]
[Result "1-0"]
[WhiteElo "1401"]
[BlackElo "1138"]
[Opening "Caro-Kann: two knights variation"]
[ECO "B11"]
[Time "15:02:09"]
[TimeControl "2700+45"]

1. e4 c6 2. Nc3 d5 3. Nf3 Nf6 4. e5 Ne4 5. Nxe4 dxe4 6. Ng5 h6 7. Nxe4 Bf5 8.
Ng3 Bg6 9. d4 e6 10. Be2 Nd7 11. Bd3 Qc7 12. Bxg6 fxg6 13. Qg4 Kf7 14. O-O h5
15. Qf3+ Ke8 16. Ne4 Be7 17. Bg5 Rf8 18. Qb3 Nb6 19. Qxe6 Qd7 20. Qxg6+ Kd8 21.
Qxg7 Kc7 22. Qxe7 Qxe7 23. Bxe7 Rf7 24. Bd6+ Kd7 25. Nc5+ Kd8 26. Nxb7+ Rxb7 27.
f4 Rg7 28. f5 Kd7 29. f6 Rg6 30. f7 h4 31. f8=Q Rxf8 32. Rxf8 h3 33. g3 Rg4 34.
Rf4 Rg6 35. Raf1 {Black resigns} 1-0

[Event "Team 45 45 League T88"]
[Site "Internet Chess Club"]
[Date "2021.05.09"]
[Round "5"]
[White "WzeroMN"]
[Black "woofgang"]
[Result "1/2-1/2"]
[WhiteElo "1050"]
[BlackElo "1162"]
[Opening "Ruy Lopez: Caro variation"]
[ECO "C70"]
[Time "15:49:31"]
[TimeControl "2700+45"]

1. e4 e5 2. Nf3 Nc6 3. Bb5 a6 4. Ba4 b5 5. Bb3 Nf6 6. d3 Be7 7. O-O O-O 8. Nc3
Bb7 9. Bg5 h6 10. Bxf6 Bxf6 11. Nd5 Na5 12. Nxf6+ Qxf6 13. d4 Nxb3 14. axb3 d6
15. dxe5 dxe5 16. Qd7 Rac8 17. Rfe1 Rfd8 18. Qf5 Qxf5 19. exf5 f6 20. Red1 Be4
21. Rxd8+ Rxd8 22. Ne1 Bxf5 23. g3 Rd2 24. Kf1 Bxc2 25. Nxc2 Rxc2 26. Rxa6 Rxb2
27. Rc6 Rxb3 28. Rxc7 {Game drawn by mutual agreement} 1/2-1/2

[Event "Team 45 45 League T88"]
[Site "Internet Chess Club"]
[Date "2021.05.07"]
[Round "5"]
[White "julesraider"]
[Black "kabindra"]
[Result "0-1"]
[WhiteElo "1537"]
[BlackElo "1636"]
[Opening "Queen's pawn, Mason variation"]
[ECO "D00"]
[Time "16:01:06"]
[TimeControl "2700+45"]

1. d4 d5 2. Bf4 Bf5 3. e3 e6 4. Nf3 Nc6 5. c3 Bd6 6. Bg3 h5 7. Nbd2 h4 8. Bxd6
cxd6 9. Qb3 Rb8 10. Qa4 a6 11. Bxa6 Qb6 12. Bb5 Ne7 13. c4 Ng6 14. Rc1 Bd3 15.
Rc3 dxc4 16. Nxc4 Bxc4 17. Rxc4 O-O 18. Bxc6 bxc6 19. b3 Ra8 20. Qxc6 Qa5+ 21.
b4 Qxa2 22. O-O d5 23. Rc2 Qa3 24. Qc3 Qa6 25. Qb3 Rab8 26. Rb1 Rb5 27. Ne1 Qd6
28. Nd3 Qe7 29. Qa4 Rfb8 30. Nc5 Qg5 31. h3 e5 32. Nd7 R8b7 33. Rc8+ Kh7 34. Nc5
Qf5 35. Rb3 Qxc8 36. Nxb7 Qxb7 37. Qa3 exd4 38. exd4 Nf4 39. Qb2 Qe7 40. Qc2+
Qe4 41. Qxe4+ dxe4 42. Kf1 Nd3 43. f4 Rxb4 44. Rc3 Rxd4 45. f5 f6 46. Ke2 Rd5
47. Ke3 Nc5 48. Kf4 Re5 49. Re3 Nd3+ 50. Kg4 Kh6 51. g3 hxg3 52. Rxg3 e3 53. Kf3
e2 {White resigns} 0-1

[Event "Team 45 45 League T88"]
[Site "Internet Chess Club"]
[Date "2021.05.07"]
[Round "5"]
[White "olivermx"]
[Black "Toalla"]
[Result "1-0"]
[WhiteElo "1239"]
[BlackElo "1128"]
[Opening "Petrov three knights game"]
[ECO "C42"]
[Time "18:07:47"]
[TimeControl "2700+45"]

1. e4 e5 2. Nf3 Nf6 3. Nc3 d6 4. h3 Be7 5. Bc4 O-O 6. O-O Nxe4 7. Nxe4 d5 8. Bb3
dxe4 9. Nxe5 Be6 10. Bxe6 fxe6 11. Ng4 Nd7 12. Re1 h5 13. Ne3 Nf6 14. b3 Qd4 15.
Rb1 Rad8 16. Bb2 Qxd2 17. Qxd2 Rxd2 18. Rbd1 Rfd8 19. Rc1 Nd5 20. Nc4 Bg5 21.
Rxe4 Rxf2 22. Kxf2 Rf8+ 23. Kg1 Bxc1 24. Bxc1 Kf7 25. Bb2 b5 26. Ne5+ Kf6 27.
Nc6+ Kf5 28. Re5+ Kf4 29. Rxe6 Kg3 30. Rg6+ {Black resigns} 1-0

[Event "Team 45 45 League T88"]
[Site "Internet Chess Club"]
[Date "2021.05.06"]
[Round "5"]
[White "Balderdash"]
[Black "Conjurer"]
[Result "0-1"]
[WhiteElo "1215"]
[BlackElo "1331"]
[Opening "Sicilian: Taimanov variation"]
[ECO "B45"]
[Time "13:00:56"]
[TimeControl "2700+45"]

1. e4 c5 2. Nf3 Nc6 3. Nc3 e6 4. d4 cxd4 5. Nxd4 Nf6 6. Bf4 Bc5 7. Ndb5 O-O 8.
e5 Nd5 9. Nxd5 exd5 10. Qxd5 Qa5+ 11. Bd2 Qb6 12. O-O-O Ne7 13. Bd3 Nxd5 14. h4
Bxf2 15. Rdf1 Bg3 16. Rh3 Bxe5 17. Rf5 d6 18. Rh5 g6 19. Bh6 Qg1+ 20. Kd2 Qxg2+
21. Be2 Bf4+ 22. Bxf4 Nxf4 23. Re3 Bg4 24. Rg5 Nxe2 25. Rxg4 Qd5+ 26. Kxe2 Qxb5+
27. Kf2 Qf5+ 28. Kg3 Rfe8 29. Rf3 Qxc2 30. h5 Re6 31. hxg6 Rxg6 32. Rxg6+ Qxg6+
33. Kf2 Re8 34. Rg3 d5 35. Rxg6+ hxg6 36. a4 d4 37. b4 d3 38. Kf3 d2 39. Kg4
d1=Q+ 40. Kg5 Qh5+ 41. Kf4 Qh4+ 42. Kf3 Qxb4 43. a5 Qb3+ 44. Kf4 Qe3+ 45. Kg4
Re4# {White checkmated} 0-1

[Event "Team 45 45 League T88"]
[Site "Internet Chess Club"]
[Date "2021.05.07"]
[Round "5"]
[White "kabubi"]
[Black "oldbookseller"]
[Result "1-0"]
[WhiteElo "1120"]
[BlackElo "913"]
[Opening "King's pawn game"]
[ECO "C50"]
[Time "10:00:27"]
[TimeControl "2700+45"]

1. e4 e5 2. Nf3 Nc6 3. Bc4 Qe7 4. O-O g6 5. d3 Bg7 6. Ng5 b5 7. Bxf7+ Qxf7 8.
Nxf7 Kxf7 9. Qf3+ Nf6 10. Nc3 Nd4 11. Qd1 d6 12. Be3 Bg4 13. f3 h5 14. fxg4 Ke6
15. Bxd4 Bh6 16. Bf2 Rh7 17. gxh5 Bf4 18. g3 Rah8 19. gxf4 Nxh5 20. Qg4+ Kf7 21.
f5 Nf4 22. fxg6+ Nxg6 23. Qf5+ Kg7 24. Qd7+ Kf6 25. Nd5+ Kg5 26. Be3+ Nf4 27.
Bxf4+ exf4 28. h4+ Kxh4 29. Rxf4+ Kg3 30. Qg4# {Black checkmated} 1-0

[Event "Team 45 45 League T88"]
[Site "Internet Chess Club"]
[Date "2021.05.08"]
[Round "5"]
[White "julesraider"]
[Black "Redman1"]
[Result "1-0"]
[WhiteElo "1554"]
[BlackElo "1550"]
[Opening "Grünfeld: exchange variation"]
[ECO "D85"]
[Time "09:30:22"]
[TimeControl "2700+45"]

1. d4 Nf6 2. c4 g6 3. Nc3 d5 4. cxd5 Nxd5 5. e4 Nxc3 6. bxc3 Bg7 7. Rb1 c5 8.
Nf3 O-O 9. Be2 cxd4 10. cxd4 Qa5+ 11. Bd2 Qxa2 12. Qc1 Nd7 13. Bc4 Qa4 14. Bb5
Qa2 15. Bc4 Qa4 16. Bb5 Qa2 17. Bb4 Qe6 18. Qe3 Nf6 19. Ng5 Qg4 20. O-O Bd7 21.
Be2 Qh4 22. g3 Qh6 23. Bd2 Ng4 24. Bxg4 Bxg4 25. Rxb7 Bf6 26. h4 Bc8 27. Rc7 e6
28. Bb4 Rd8 29. e5 Bxg5 30. hxg5 Qh3 31. Qf3 Rb8 32. Qxf7+ {Black resigns} 1-0

[Event "Team 45 45 League T88"]
[Site "Internet Chess Club"]
[Date "2021.05.06"]
[Round "5"]
[White "borfin"]
[Black "kabindra"]
[Result "1-0"]
[WhiteElo "1561"]
[BlackElo "1557"]
[Opening "QGD: Grau (Sahovic) defense"]
[ECO "D06"]
[Time "16:00:46"]
[TimeControl "2700+45"]

1. d4 d5 2. c4 Bf5 3. Nc3 e6 4. Qb3 Nc6 5. Qxb7 Nxd4 6. e4 Rb8 7. Qxa7 dxe4 8.
Qa4+ c6 9. Nge2 e3 10. Nxd4 exf2+ 11. Kxf2 Qxd4+ 12. Be3 Rxb2+ 13. Ne2 Rxe2+ 14.
Bxe2 Qh4+ 15. g3 Qe4 16. Qa8+ Ke7 17. Bc5+ Kf6 18. Qxf8 Bh3 19. Qd8+ Ke5 20.
Qd6+ {Black resigns} 1-0

[Event "Team 45 45 League T88"]
[Site "Internet Chess Club"]
[Date "2021.05.08"]
[Round "5"]
[White "oldsj"]
[Black "Toalla"]
[Result "1-0"]
[WhiteElo "1393"]
[BlackElo "1122"]
[Opening "Four knights: Spanish, classical defense"]
[ECO "C48"]
[Time "11:00:56"]
[TimeControl "2700+45"]

1. e4 Nf6 2. Nc3 e5 3. Nf3 Nc6 4. Bb5 Bc5 5. O-O O-O 6. Re1 Re8 7. d3 a6 8. Bxc6
dxc6 9. h3 b5 10. Bg5 h6 11. Bh4 b4 12. Na4 Bb6 13. Nxb6 cxb6 14. c3 a5 15. d4
g5 16. Bg3 exd4 17. cxd4 Rxe4 18. Qc2 Bf5 19. Qxc6 Rc8 20. Qb5 Rxe1+ 21. Rxe1
Ne4 22. Qxf5 Nxg3 23. fxg3 {Black resigns} 1-0

[Event "Team 45 45 League T88"]
[Site "Internet Chess Club"]
[Date "2021.05.07"]
[Round "5"]
[White "MrAbendroth"]
[Black "nidusin2"]
[Result "1/2-1/2"]
[WhiteElo "1714"]
[BlackElo "1664"]
[Opening "French defense"]
[ECO "C01"]
[Time "07:30:44"]
[TimeControl "2700+45"]

1. e4 e6 2. d4 b6 3. c4 Bb7 4. Nc3 Bb4 5. Bd3 Nf6 6. f3 h6 7. Ne2 O-O 8. Be3 Re8
9. Qc2 d6 10. a3 Bxc3+ 11. Qxc3 Nbd7 12. b4 c5 13. Rd1 Qc7 14. Qd2 cxd4 15. Bxd4
Ne5 16. Bxe5 dxe5 17. Qe3 Rac8 18. O-O Red8 19. Nc1 Ba6 20. b5 Bb7 21. Be2 Nh5
22. g3 Nf6 23. Nb3 Nd7 24. Kf2 Nc5 25. Nxc5 Qxc5 26. Qxc5 bxc5 27. Rxd8+ Rxd8
28. Rd1 Rd4 29. Rxd4 exd4 30. e5 f6 31. f4 Be4 32. a4 Kf8 33. a5 Ke7 34. Bf3
Bxf3 35. Kxf3 Kd7 36. h4 h5 37. Ke4 {Game drawn by mutual agreement} 1/2-1/2

[Event "Team 45 45 League T88"]
[Site "Internet Chess Club"]
[Date "2021.05.08"]
[Round "5"]
[White "Insan996"]
[Black "RD1974"]
[Result "1-0"]
[WhiteElo "1604"]
[BlackElo "1523"]
[Opening "Queen's pawn"]
[ECO "A40"]
[Time "16:13:43"]
[TimeControl "2700+45"]

1. d4 e6 2. Nf3 c6 3. c4 d5 4. Qb3 Nf6 5. Nc3 Nbd7 6. Bg5 Be7 7. e3 O-O 8. Bd3
dxc4 9. Qxc4 Nb6 10. Qb3 h6 11. Bh4 Nbd5 12. O-O Qc7 13. Rac1 Nxc3 14. Qxc3 Nd5
15. Qb3 Bd6 16. Bg3 Bxg3 17. hxg3 Nf6 18. Qc2 Ng4 19. b4 a6 20. a4 Bd7 21. b5
axb5 22. axb5 f5 23. bxc6 Bxc6 24. Bb5 Rac8 25. Qb3 Qd6 26. Bxc6 bxc6 27. Rc5
Rf7 28. Rfc1 Rfc7 29. Rxf5 c5 30. dxc5 Kh7 31. Rf4 Rxc5 32. Rxc5 Rb8 33. Qc2+
Kg8 34. Rxg4 {Black resigns} 1-0

[Event "Team 45 45 League T88"]
[Site "Internet Chess Club"]
[Date "2021.05.05"]
[Round "5"]
[White "WillC"]
[Black "fireball"]
[Result "0-1"]
[WhiteElo "1491"]
[BlackElo "1514"]
[Opening "English opening"]
[ECO "A10"]
[Time "16:32:08"]
[TimeControl "2700+45"]

1. c4 b6 2. d3 Bb7 3. e4 e5 4. g3 f5 5. f3 Qf6 6. Be3 Bb4+ 7. Nd2 fxe4 8. dxe4
Ne7 9. a3 Bxd2+ 10. Qxd2 h6 11. Bh3 a5 12. Rd1 Qc6 13. Ne2 d6 14. Be6 Bc8 15.
Bxc8 Nxc8 16. O-O O-O 17. Nc3 Qxc4 18. Nd5 c6 19. Rc1 Qa4 20. Bxh6 Qd4+ 21. Qxd4
exd4 22. Nc7 Ra7 23. Ne6 gxh6 24. Nxf8 Kxf8 25. Kg2 c5 26. b3 Nc6 27. f4 Re7 28.
Kf3 Rf7 29. Kg4 N8e7 30. Kh5 Kg7 31. h4 Ng8 32. Kg4 Nf6+ 33. Kf3 Nh5 34. Kg4
Nf6+ 35. Kf3 h5 36. Rfe1 Ng4 37. f5 Nce5+ 38. Ke2 d3+ 39. Kd2 Nf3+ 40. Kxd3
Nxe1+ 41. Rxe1 Ne5+ 42. Ke3 Kf6 43. Rd1 Rd7 44. Kf4 b5 45. Ke3 c4 46. b4 axb4
47. axb4 Nd3 48. Rb1 Re7 49. Kd4 Rg7 50. Kd5 Rxg3 51. Kxd6 c3 52. Kc6 c2 53. Ra1
c1=Q+ 54. Rxc1 Nxc1 55. Kxb5 Rg4 {White resigns} 0-1

[Event "Team 45 45 League T88"]
[Site "Internet Chess Club"]
[Date "2021.05.09"]
[Round "5"]
[White "smsxman"]
[Black "sdcohle"]
[Result "1/2-1/2"]
[WhiteElo "1404"]
[BlackElo "1323"]
[Opening "French defense"]
[ECO "C00"]
[Time "13:01:14"]
[TimeControl "2700+45"]

1. e4 e6 2. Nf3 d5 3. exd5 exd5 4. d4 Nc6 5. Nc3 Nf6 6. Bb5 Bb4 7. Bd2 O-O 8.
O-O Bd7 9. Bg5 Bxc3 10. bxc3 a6 11. Bxc6 Bxc6 12. Ne5 Qd6 13. Nxc6 Qxc6 14. Qf3
Ne4 15. Bc1 Qxc3 16. Qxc3 Nxc3 17. Bb2 Ne2+ 18. Kh1 Nf4 19. g3 Ng6 20. c3 Rfe8
21. Rae1 c6 22. a4 b5 23. a5 f6 24. Ba3 Kf7 25. Bb4 Rxe1 26. Rxe1 Re8 27. Rf1
Nf8 28. f4 Nd7 29. f5 Rc8 30. Re1 c5 31. dxc5 Nxc5 32. Rd1 Ne4 33. Rxd5 Nxc3 34.
Rd7+ Kg8 35. Rb7 Nd5 36. Bd2 Rc7 37. Rb8+ Kf7 38. Ra8 Rc6 39. Ra7+ Kg8 40. Ra8+
Kf7 41. Ra7+ Rc7 42. Rxa6 b4 43. Ra8 Rc2 44. Ra7+ Kf8 45. Ra8+ Kf7 46. Ra7+ Kf8
47. Ra8+ Kf7 {Game drawn by repetition} 1/2-1/2

[Event "Team 45 45 League T88"]
[Site "Internet Chess Club"]
[Date "2021.05.08"]
[Round "5"]
[White "Pawnchain"]
[Black "jaboti"]
[Result "0-1"]
[WhiteElo "1379"]
[BlackElo "1572"]
[Opening "Queen's pawn, Mason variation, Steinitz counter-gambit"]
[ECO "D00"]
[Time "15:00:41"]
[TimeControl "2700+45"]

1. d4 d5 2. Bf4 c5 3. e3 Nc6 4. c3 Qb6 5. Qc1 Bf5 6. Nd2 Nf6 7. dxc5 Qxc5 8.
Ngf3 e6 9. Nb3 Qb6 10. Be2 Rc8 11. Qd1 Be7 12. Nh4 Be4 13. f3 Bg6 14. Bg3 Bh5
15. Bf2 g5 16. e4 Qc7 17. exd5 Rd8 18. g4 Rxd5 19. Qc1 gxh4 20. gxh5 Rg8 21.
Bxh4 Rxh5 22. Bxf6 Bxf6 23. Qe3 Rxh2 24. Rxh2 Qxh2 25. O-O-O Bg5 26. Qxg5 Rxg5
27. Rd8+ Kxd8 28. Bd3 Rg1+ 29. Bf1 Rxf1# {White checkmated} 0-1

[Event "Team 45 45 League T88"]
[Site "Internet Chess Club"]
[Date "2021.05.07"]
[Round "5"]
[White "OGO"]
[Black "Tjet"]
[Result "1/2-1/2"]
[WhiteElo "1233"]
[BlackElo "1301"]
[Opening "Old Indian defense"]
[ECO "A53"]
[Time "15:03:55"]
[TimeControl "2700+45"]

1. d4 Nf6 2. c4 d6 3. Nf3 g6 4. e3 Bg7 5. Bd3 O-O 6. O-O Re8 7. Nc3 e5 8. dxe5
dxe5 9. Ne4 Nxe4 10. Bxe4 Qxd1 11. Rxd1 c6 12. Bd2 f5 13. Bc2 e4 14. Nd4 Na6 15.
Bc3 Bxd4 16. Bxd4 Be6 17. b3 c5 18. Bc3 Nb4 19. Bxb4 cxb4 20. Rd6 Kf7 21. Rad1
Ke7 22. R6d4 Red8 23. Kf1 Rxd4 24. Rxd4 Rd8 25. Ke2 Rxd4 26. exd4 a5 27. d5 Bf7
28. Ke3 Kd6 29. Kd4 b6 30. Bd1 h6 31. Be2 {Game drawn by mutual agreement}
1/2-1/2

[Event "Team 45 45 League T88"]
[Site "Internet Chess Club"]
[Date "2021.05.10"]
[Round "5"]
[White "xingon"]
[Black "kingsrook"]
[Result "1-0"]
[WhiteElo "1444"]
[BlackElo "1129"]
[Opening "Queen's bishop game"]
[ECO "D00"]
[Time "17:02:58"]
[TimeControl "2700+45"]

1. d4 d5 2. Bf4 Nf6 3. Nf3 Nc6 4. e3 e6 5. c3 Bd6 6. Bg3 O-O 7. Bd3 Ne4 8. Nbd2
f5 9. Qc2 Bxg3 10. Bxe4 fxe4 11. hxg3 exf3 12. Qxh7+ Kf7 13. Nxf3 Qf6 14. Rh4
Ne7 15. Rf4 Nf5 16. g4 Qg6 17. Ne5+ {Black resigns} 1-0

[Event "Team 45 45 League T88"]
[Site "Internet Chess Club"]
[Date "2021.05.08"]
[Round "5"]
[White "jungleboy"]
[Black "Visin"]
[Result "1-0"]
[WhiteElo "1171"]
[BlackElo "1258"]
[Opening "Philidor's defense"]
[ECO "C41"]
[Time "13:04:16"]
[TimeControl "2700+45"]

1. e4 e5 2. Nf3 d6 3. Bc4 h6 4. d3 Nf6 5. O-O Bg4 6. Nbd2 Be7 7. c3 O-O 8. b4 a6
9. h3 Bd7 10. a4 Nc6 11. a5 Na7 12. Nh4 Nxe4 13. Ng6 Nxc3 14. Qf3 d5 15. Nxf8
dxc4 16. Nxd7 Qxd7 17. Nxc4 Qd5 18. Nxe5 Qxf3 19. Nxf3 Bxb4 20. Re1 Nc6 21. Bd2
Bxa5 22. Rxa5 Nxa5 23. Bxc3 Nc6 24. Rb1 b5 25. Ne5 Nxe5 26. Bxe5 c6 27. Rc1 Rc8
28. d4 f6 29. Bd6 Rd8 30. Rxc6 a5 31. Bc7 a4 {Black resigns} 1-0

[Event "Team 45 45 League T88"]
[Site "Internet Chess Club"]
[Date "2021.05.06"]
[Round "5"]
[White "Gojira"]
[Black "Constrictor"]
[Result "1-0"]
[WhiteElo "1553"]
[BlackElo "1516"]
[Opening "Dutch"]
[ECO "A80"]
[Time "20:10:56"]
[TimeControl "2700+45"]

1. d4 f5 2. Nc3 Nf6 3. Bg5 e6 4. e4 fxe4 5. Nxe4 Be7 6. Nxf6+ Bxf6 7. h4 Bxg5 8.
Qh5+ g6 9. Qxg5 Qxg5 10. hxg5 Nc6 11. c3 b6 12. Bd3 Kf7 13. f4 Bb7 14. Be4 Na5
15. Bxb7 Nxb7 16. Nf3 Nd6 17. O-O-O Raf8 18. Rh3 Ke8 19. g3 Nf5 20. Rdh1 Rf7 21.
Ne5 Rg7 22. Ng4 Ke7 23. Nf6 h5 24. g4 Nd6 25. gxh5 gxh5 26. Rxh5 Rf8 27. Rh7
Rff7 28. Rxg7 Rxg7 29. b3 Ne8 30. Nxe8 Kxe8 31. Kd2 Kf7 32. Ke3 Ke7 33. c4 d5
34. Rh6 Kd7 35. cxd5 exd5 36. Kf3 c5 37. g6 Ke7 38. Rh7 Kf6 39. Rxg7 Kxg7 40. f5
Kf6 41. a4 a6 42. a5 {Black resigns} 1-0

[Event "Team 45 45 League T88"]
[Site "Internet Chess Club"]
[Date "2021.05.10"]
[Round "5"]
[White "bardu"]
[Black "cap78red"]
[Result "0-1"]
[WhiteElo "1324"]
[BlackElo "1429"]
[Opening "King's Indian: orthodox, Aronin-Taimanov, bayonet attack"]
[ECO "E97"]
[Time "15:24:24"]
[TimeControl "2700+45"]

1. d4 Nf6 2. c4 g6 3. Nc3 Bg7 4. e4 d6 5. Nf3 O-O 6. Be2 e5 7. O-O Nc6 8. d5 Ne7
9. b4 Nd7 10. a4 h6 11. Ba3 f5 12. c5 fxe4 13. Nxe4 Nf6 14. Ng3 dxc5 15. Nxe5
Nfxd5 16. Bc4 Bxe5 {White resigns} 0-1

[Event "Team 45 45 League T88"]
[Site "Internet Chess Club"]
[Date "2021.05.08"]
[Round "5"]
[White "CMAlge"]
[Black "smsxman"]
[Result "1-0"]
[WhiteElo "1283"]
[BlackElo "1372"]
[Opening "Scandinavian (center counter) defense"]
[ECO "B01"]
[Time "13:00:20"]
[TimeControl "2700+45"]

1. e4 d5 2. exd5 Qxd5 3. Nc3 Qd8 4. d4 e6 5. Bc4 Nf6 6. Bg5 Be7 7. Nf3 Bd7 8.
O-O Nc6 9. d5 Nxd5 10. Bxe7 Ndxe7 11. Ne4 b6 12. c3 a6 13. Neg5 Na5 14. Bd3 Bb5
15. Bxb5+ axb5 16. Qe2 c6 17. Rad1 Qb8 18. Rfe1 Nc4 19. Nxf7 Kxf7 20. Qxe6+ Kf8
21. Qxe7+ Kg8 22. Rd7 Qf8 23. Qe6+ {Black resigns} 1-0

[Event "Team 45 45 League T88"]
[Site "Internet Chess Club"]
[Date "2021.05.09"]
[Round "5"]
[White "stantheman59"]
[Black "seldredg"]
[Result "0-1"]
[WhiteElo "1220"]
[BlackElo "1303"]
[Opening "Modern defense"]
[ECO "A40"]
[Time "12:32:54"]
[TimeControl "2700+45"]

1. d4 g6 2. Bf4 d6 3. e3 Bg7 4. c3 Bf5 5. Nd2 Nf6 6. Ngf3 O-O 7. Be2 Nbd7 8. O-O
Re8 9. d5 Ne4 10. Nxe4 Bxe4 11. Ng5 Nf6 12. f3 Bf5 13. Bb5 Rf8 14. e4 Bd7 15.
Bxd7 Qxd7 16. Re1 h6 17. Nh3 g5 18. Be3 Nh5 19. Bd4 e5 20. dxe6 fxe6 21. Bxg7
Qxg7 22. Rf1 Qe5 23. g4 Nf4 24. Nf2 Rf7 25. Rc1 Raf8 26. b3 Rh7 27. Rc2 h5 28.
h3 Nxh3+ 29. Nxh3 Qg3+ 30. Rg2 Qxh3 31. Kf2 hxg4 32. Rxg4 Qxg4 33. Rg1 Rh2+ 34.
Ke3 Qf4+ 35. Kd4 Rd2+ 36. Qxd2 Qxd2+ 37. Kc4 d5+ 38. exd5 Qxd5+ 39. Kb4 Rf4+ 40.
Ka3 Qc5+ 41. b4 Qxg1 {White resigns} 0-1

[Event "Team 45 45 League T88"]
[Site "Internet Chess Club"]
[Date "2021.05.10"]
[Round "5"]
[White "Goli"]
[Black "fileman"]
[Result "1/2-1/2"]
[WhiteElo "1764"]
[BlackElo "1783"]
[Opening "KP: Nimzovich defense"]
[ECO "B00"]
[Time "15:05:04"]
[TimeControl "2700+45"]

1. e4 Nc6 2. d4 e5 3. dxe5 Nxe5 4. Nf3 Nxf3+ 5. Qxf3 Qf6 6. Qxf6 Nxf6 7. Bd3 Bc5
8. h3 h6 9. O-O d6 10. Nd2 a6 11. Nf3 Be6 12. a3 Nd7 13. b4 Bb6 14. Bb2 f6 15.
Nh4 Ne5 16. Bxe5 dxe5 17. Ng6 Rg8 18. Kh1 Bf7 19. Nh4 g5 20. Nf5 Rh8 21. Ng7+
Kf8 22. Nf5 Be6 23. g3 Bxf5 24. exf5 Rd8 25. Rad1 Ke7 26. Kg2 Rd7 27. Be4 c6 28.
Rxd7+ Kxd7 29. Rd1+ Ke7 30. Kf3 h5 31. h4 Rg8 32. hxg5 fxg5 33. Bd3 Kf6 34. Rh1
Rh8 35. Kg2 g4 36. f3 gxf3+ 37. Kxf3 Kg5 38. Ke4 Bd4 39. Be2 Bf2 40. Kf3 Bd4 41.
Ke4 Bb2 42. a4 Bc3 43. b5 axb5 44. axb5 cxb5 45. Bxb5 Rd8 46. Bd3 Rd4+ 47. Kf3
b6 48. Rb1 Ba5 49. Rb5 Kf6 50. Rb1 h4 51. gxh4 Rxh4 52. Rg1 Rf4+ 53. Ke3 Bc3 54.
Rg6+ Kf7 55. Re6 Bd4+ 56. Kd2 Rf2+ 57. Ke1 Rh2 58. Kf1 b5 59. Bxb5 Rf2+ 60. Ke1
Rxf5 61. Bc4 Kg7 62. Bd3 Rg5 63. Ke2 Rg2+ 64. Kf3 Rf2+ 65. Ke4 Kf7 66. Kd5 Rf4
67. Ra6 Bc3 68. Be4 Rf2 {Game drawn by mutual agreement} 1/2-1/2

[Event "Team 45 45 League T88"]
[Site "Internet Chess Club"]
[Date "2021.05.08"]
[Round "5"]
[White "bobhill"]
[Black "Egmont"]
[Result "1-0"]
[WhiteElo "1821"]
[BlackElo "1666"]
[Opening "Queen's pawn game"]
[ECO "D02"]
[Time "09:00:52"]
[TimeControl "2700+45"]

1. d4 d5 2. Nf3 c6 3. Bg5 Nd7 4. e3 Qb6 5. Nbd2 Qxb2 6. Bd3 Ngf6 7. O-O Qb6 8.
Re1 e6 9. Rb1 Qc7 10. c4 Bd6 11. c5 Be7 12. Bf4 Qd8 13. Qa4 Bxc5 14. dxc5 Nxc5
15. Qc2 Nxd3 16. Qxd3 h6 17. Qa3 Nd7 18. Nb3 f6 19. Na5 e5 20. Bg3 Nb6 21. Red1
Qe7 22. Qc1 O-O 23. Nh4 Qf7 24. Qc2 e4 25. f3 g5 26. fxe4 gxh4 27. Bxh4 Qh5 28.
Bg3 Qf7 29. exd5 Nxd5 30. Nc4 Qh7 31. Qb3 b5 32. Nd6 Bf5 33. Rbc1 Bd7 34. e4
{Black resigns} 1-0

[Event "Team 45 45 League T88"]
[Site "Internet Chess Club"]
[Date "2021.05.06"]
[Round "5"]
[White "cityprosecutor"]
[Black "Rookmaster"]
[Result "0-1"]
[WhiteElo "1680"]
[BlackElo "1607"]
[Opening "Sicilian defense"]
[ECO "B20"]
[Time "22:24:36"]
[TimeControl "2700+45"]

1. e4 c5 2. d3 Nc6 3. g3 e5 4. Bg2 Nf6 5. Nc3 Be7 6. f4 d6 7. h3 exf4 8. Bxf4
Nd4 9. Rh2 Ne6 10. Be3 O-O 11. g4 Rb8 12. g5 Nd7 13. h4 b5 14. Nd5 Bb7 15. Nxe7+
Qxe7 16. Nf3 f5 17. exf5 Rxf5 18. Qe2 Rbf8 19. Nd2 Bxg2 20. Rxg2 d5 21. O-O-O d4
22. Bg1 Qf7 23. Bh2 Nf4 24. Bxf4 Rxf4 25. Ne4 Qxa2 26. b3 c4 27. dxc4 Rxe4 28.
Qxe4 Qa3+ 29. Kb1 bxc4 30. Qd5+ Kh8 31. Qc5 Nxc5 {White resigns} 0-1

[Event "Team 45 45 League T88"]
[Site "Internet Chess Club"]
[Date "2021.05.06"]
[Round "5"]
[White "Mitochondria"]
[Black "harrington"]
[Result "0-1"]
[WhiteElo "1528"]
[BlackElo "1520"]
[Opening "King's Indian: orthodox, 7...Nbd7"]
[ECO "E94"]
[Time "21:03:53"]
[TimeControl "2700+45"]

1. d4 Nf6 2. c4 g6 3. Nc3 Bg7 4. e4 d6 5. Nf3 O-O 6. Be2 Nbd7 7. O-O e5 8. d5
Nc5 9. Qc2 a5 10. Be3 b6 11. h3 Nfd7 12. Ng5 h6 13. Nf3 f5 14. Bd3 Nxd3 15. Qxd3
f4 16. Bd2 Nc5 17. Qc2 g5 18. a3 a4 19. Ne1 h5 20. Nd3 f3 21. Nxc5 bxc5 22. Kh2
fxg2 23. Kxg2 g4 24. Be3 Qh4 25. Rh1 gxh3+ 26. Kh2 Bh6 27. Rhg1+ Kh7 28. Raf1
Rf3 29. Bxh6 Kxh6 30. Qd2+ Qf4+ 31. Qxf4+ Rxf4 32. f3 Bd7 33. Rg3 h4 34. Rgg1
Raf8 35. Nd1 Rxf3 36. Rxf3 Rxf3 37. Rg8 Rf4 38. Rh8+ Kg5 39. Rh7 Bg4 40. Rg7+
Kh6 41. Rxc7 Bxd1 {White resigns} 0-1

[Event "Team 45 45 League T88"]
[Site "Internet Chess Club"]
[Date "2021.05.08"]
[Round "5"]
[White "fledermaus"]
[Black "room-matt"]
[Result "1-0"]
[WhiteElo "1867"]
[BlackElo "1845"]
[Opening "English: Nimzo-English opening"]
[ECO "A05"]
[Time "09:06:00"]
[TimeControl "2700+45"]

1. Nf3 Nf6 2. c4 e6 3. Nc3 Bb4 4. Qc2 O-O 5. a3 Bxc3 6. Qxc3 d5 7. e3 c5 8. cxd5
Ne4 9. Qc2 exd5 10. d3 Nf6 11. Qxc5 b6 12. Qc2 Bf5 13. Bd2 Nbd7 14. Be2 Re8 15.
Rc1 Rc8 16. Qxc8 Qxc8 17. Rxc8 Rxc8 18. Nd4 Bg6 19. Bc3 Ne5 20. Kd2 Nfg4 21. f4
Nf2 22. Rf1 Nfxd3 23. Bxd3 Bxd3 24. Rc1 Be4 25. fxe5 Bxg2 26. Nf5 Rc4 27. Bd4
Rxc1 28. Kxc1 Kf8 29. Nd6 Bh3 30. Nb5 Bd7 31. Nxa7 b5 32. Kd2 Ke7 33. Kc3 g5 34.
Kb4 Ke6 35. Nxb5 Bxb5 36. Kxb5 h5 37. a4 g4 38. a5 h4 39. e4 g3 40. hxg3 h3 41.
Bg1 dxe4 42. Kc4 Kxe5 43. a6 e3 44. Kd3 {Black resigns} 1-0

[Event "Team 45 45 League T88"]
[Site "Internet Chess Club"]
[Date "2021.05.10"]
[Round "5"]
[White "dalmata"]
[Black "MathBandit"]
[Result "0-1"]
[WhiteElo "1554"]
[BlackElo "1665"]
[Opening "QGD: Chigorin defense"]
[ECO "D07"]
[Time "17:00:06"]
[TimeControl "2700+45"]

1. d4 d5 2. c4 Nc6 3. Nc3 Nf6 4. Bf4 Bf5 5. cxd5 Nxd5 6. Nxd5 Qxd5 7. e3 e5 8.
dxe5 Bb4+ 9. Ke2 Qc4+ 10. Kf3 Qe4+ 11. Kg3 g5 12. Bxg5 Rg8 13. h4 Qxe5+ 14. f4
Qxe3+ 15. Qf3 Qxf3+ 16. Nxf3 h6 17. a3 Bc5 18. Re1+ Kf8 19. Bc4 hxg5 20. hxg5
Re8 21. Nh4 Rxe1 22. Rxe1 Bd7 23. g6 Be6 24. Bxe6 fxe6 25. Rxe6 Nd4 26. Rf6+ Ke8
27. Nf5 Nxf5+ 28. Rxf5 Rxg6+ 29. Kf3 Bd6 {White resigns} 0-1